 Dungeon Crawl Stone Soup version 0.18.1-6-gd335043 (webtiles) character file.

62 Mefis the Magician (level 3, -2/19 HPs)
             Began as a Deep Elf Wizard on May 17, 2016.
             Slain by a worm (12 damage)
             ... on level 2 of the Dungeon.
             The game lasted 00:03:04 (1333 turns).

Mefis the Magician (Deep Elf Wizard)                Turns: 1333, Time: 00:03:04

Health: -2/19      AC:  2    Str:  4    XL:     3   Next: 85%
Magic:  0/11       EV: 13    Int: 23    God:
Gold:   99         SH:  0    Dex: 13    Spells: 5 memorised, 2 levels left

rFire  . . .     SeeInvis .     o - +0 dagger
rCold  . . .     Gourm    .     a - +0 robe
rNeg   . . .     Faith    .     (no shield)
rPois  .         Spirit   .     b - +0 hat
rElec  .         Dismiss  .     (no cloak)
rCorr  .         Reflect  .     (no gloves)
SustAt .         Harm     .     (no boots)
MR     .....                    (no amulet)
Stlth  ++........               (no ring)
                                (no ring)

@: repel missiles, not resistant to hostile enchantments, unstealthy
A: no striking features
a: no special abilities


You were on level 2 of the Dungeon.
You were not hungry.

You visited 1 branch of the dungeon, and saw 2 of its levels.

You collected 99 gold pieces.

Inventory:

Hand Weapons
 k - a +0 hunting sling
 o - a +0 dagger (weapon)
Missiles
 i - 6 arrows
 m - 72 stones (quivered)
Armour
 a - a +0 robe (worn)
 b - a +0 hat (worn)
Jewellery
 g - a +5 ring of dexterity {unknown}
Scrolls
 j - 3 scrolls of immolation {unknown}
 n - a scroll of identify {unknown}
Potions
 e - 2 potions of curing {unknown}
 f - 2 potions of haste {unknown}
 p - 2 potions of magic {unknown}
Books
 c - a book of Minor Magic

   Spells                             Type                      Level
   a - Magic Dart                     Conjuration                  1
   b - Blink                          Translocation                2
   c - Call Imp                       Summoning                    2
   d - Repel Missiles                 Charms/Air                   2
   e - Slow                           Hexes                        2
   f - Conjure Flame                  Conjuration/Fire             3
   g - Mephitic Cloud                 Conjuration/Poison/Air       3
Comestibles
 d - a bread ration
 h - 2 fruits
 l - a beef jerky


   Skills:
 + Level 3.0 Dodging
 + Level 3.3 Stealth
 + Level 5.1 Spellcasting
 * Level 2.1 Conjurations
 - Level 1.1 Summonings
 - Level 1.1 Translocations
 + Level 0.7 Poison Magic


You had 2 spell levels left.
You knew the following spells:

 Your Spells              Type           Power        Failure   Level  Hunger
a - Magic Dart            Conj           ###.         4%          1    None
b - Call Imp              Summ           ##......     12%         2    None
c - Blink                 Tloc           N/A          12%         2    None
d - Repel Missiles        Chrm/Air       #.....       17%         2    None
e - Mephitic Cloud        Conj/Pois/Air  ##......     21%         3    ##.....


Dungeon Overview and Level Annotations

Branches:
Dungeon (2/15)

Altars:


Message History

Confirm with . or Enter, or press ? or * to list all spells.
Aiming: Magic Dart
Press: ? - help, Shift-Dir - straight line, f/p - worm
Aim: a worm (severely wounded)
The magic dart hits the worm.
The worm is severely wounded.
Casting: Magic Dart
Confirm with . or Enter, or press ? or * to list all spells.
You don't have enough magic to cast that spell.
Casting: Magic Dart
Confirm with . or Enter, or press ? or * to list all spells.
You don't have enough magic to cast that spell.
You hit the worm.
The worm is severely wounded.
The worm bites you!
You hit the worm but do no damage.
The worm is severely wounded.
The worm bites you!
Ouch! That really hurt!
You die...

#.....................
#.......##.....##..÷..
#.......######..##....
#####.### #...#....
#.# #.#...... #.#
#.##..... #.#
#.####).. #.# #.# #...
#@# #.# ...#
#.....w...# #.# .##
#.........# #.# .#
#....?....# #.#
#..!........ ...
#...$....†...
#..........##
#(........##


You could see a worm.

Vanquished Creatures
  3 adders (D:2)
  2 dart slugs
  A giant cockroach (D:1)
  6 goblins
  2 hobgoblins (D:1)
  A jackal (D:2)
  2 kobolds
  6 bats
  2 giant newts (D:2)
  A rat (D:2)
26 creatures vanquished.

Vanquished Creatures (collateral kills)
  3 jackals (D:2)
3 creatures vanquished.

Grand Total: 29 creatures vanquished

Notes
Turn   | Place    | Note
--------------------------------------------------------------
     0 | D:1      | Mefis the Deep Elf Wizard began the quest for the Orb.
     0 | D:1      | Reached XP level 1. HP: 10/10 MP: 7/7
   229 | D:1      | Reached XP level 2. HP: 14/15 MP: 4/9
   233 | D:1      | Learned a level 2 spell: Call Imp
   236 | D:1      | Learned a level 2 spell: Blink
   239 | D:1      | Learned a level 2 spell: Repel Missiles
   842 | D:2      | Reached XP level 3. HP: 19/19 MP: 7/11
   847 | D:2      | Learned a level 3 spell: Mephitic Cloud
   888 | D:2      | Reached skill level 5 in Spellcasting
  1333 | D:2      | Slain by a worm

Skill      XL: |  1  2  3 |
---------------+----------+-----
Stealth        | 3 |  3.3
Spellcasting   | 5 |  5.1
Conjurations   | 2 |  2.1
Dodging        | 3 |  3.0
Summonings     | |  1.1
Translocations | |  1.1
Poison Magic   | |  0.7

Action                   || total
-------------------------++-------
Melee: Unarmed           ||     6
       Dagger            ||     2
 Cast: Magic Dart        ||    73
       Repel Missiles    ||     2
       Call Imp          ||     1
  Eat: Chunk             ||     1
Armor: Robe              ||    10
Dodge: Dodged            ||    28
       Deflected         ||     1
